 Dungeon Crawl Stone Soup version 0.28-a0-79-g444c7a33f5 (webtiles) character file.

Game seed: 165103177759336908

8 siradein the Insei (level 2, 0/21 HPs)
             Began as a Demonspawn Transmuter on Aug 3, 2021.
             Slain by a gnoll (3 damage)
             ... on level 1 of the Dungeon.
             The game lasted 00:00:52 (335 turns).

siradein the Insei (Demonspawn Transmuter)           Turns: 335, Time: 00:00:52

Health: 0/21       AC:  2    Str: 10    XL:     2   Next: 0%
Magic:  3/5        EV: 12    Int: 14    God:
Gold:   2          SH:  0    Dex: 13    Spells: 4/5 levels left

rFire   . . .      SeeInvis .   d - staff of earth
rCold   . . .      Faith    .   (no shield)
rNeg    . . .      Spirit   .   a - +0 robe
rPois   .          Reflect  .   (helmet currently unavailable)
rElec   .          Harm     .   (no cloak)
rCorr   .          Rampage  .   (no gloves)
Will    .....                   (boots currently unavailable)
Stlth   +.........              (no amulet)
HPRegen 0.07/turn               (no ring)
MPRegen 0.09/turn               (no ring)

@: appendages (expiring)
A: horns 2, talons 2, demonic guardian 1
a: End Transformation


You were on level 1 of the Dungeon.
You had temporarily grown beastly horns and talons.
You visited 1 branch of the dungeon, and saw 1 of its levels.

You collected 2 gold pieces.

Inventory:

Armour
 a - a +0 robe (worn)
Magical Staves
 d - a staff of earth (weapon)
Potions
 b - a potion of curing {unknown}
 c - 2 potions of haste {unknown}


   Skills:
 - Level 1.0 Fighting
 - Level 1.7 Dodging
 + Level 3.0 Unarmed Combat
 - Level 2.0 Spellcasting
 + Level 2.1 Transmutations


You had 4 spell levels left.
You knew the following spells:

 Your Spells              Type           Power      Damage    Failure   Level
a - Beastly Appendage     Tmut           14%        N/A       10%         1

Your spell library contained the following spells:

 Spells                   Type           Power      Damage    Failure   Level
 Wereblood                Tmut           7%         N/A       14%         2
 Spider Form              Tmut/Pois      2%         N/A       41%         3
 Ice Form                 Ice/Tmut       4%         N/A       83%         4


Dungeon Overview and Level Annotations

Branches:
Dungeon (1/15)

Altars:


Innate Abilities, Weirdness & Mutations

You have temporarily grown beastly horns and talons.
A weak demonic guardian rushes to your aid.


Message History

The gnoll hits you from afar with a +0 spear.
The endoplasm quivers.
The gnoll closely misses you.
You hit the gnoll but do no damage. You claw the gnoll!
The gnoll is heavily wounded.
The gnoll hits you with a +0 spear. The rat bites you.
You barely miss the gnoll. Your kick misses the gnoll.
The gnoll is heavily wounded.
The gnoll barely misses you. The rat barely misses you.
The endoplasm closely misses you.
You hit the gnoll. You claw the gnoll.
The gnoll is almost dead.
Your transformation is almost over.
The gnoll hits you with a +0 spear. The rat barely misses you.
The endoplasm freezes you.
You are frozen.
* * * LOW HITPOINT WARNING * * *
The gnoll closely misses you.
The endoplasm hits you but does no damage.
Your horns disappear.
Your talons disappear.
The rat bites you.
* * * LOW HITPOINT WARNING * * *
The rat bites you but does no damage.
The endoplasm jiggles.
Casting: Beastly Appendage (safe; 10% risk of failure)
Press: ? - help, Q - select action Dir - look around, f - activate You grow a pair of large bovine horns.
Your feet morph into talons.
You barely miss the rat. The rat barely misses you. The rat closely misses you.
You barely miss the rat. You claw the rat.
You kill the rat!
You have reached level 2!
Your demonic ancestry asserts itself...
You feel the presence of a demonic guardian.
You hit the endoplasm but do no damage.
Your transformation is almost over.
The endoplasm closely misses you. The gnoll misses you.
You hit the endoplasm. You headbutt the endoplasm.
You kill the endoplasm!
The gnoll hits you from afar with a +0 spear.
You die...

##########################
#.....Jg.@................
#.########################
#.# ... ###.###g########
### #...............
#.#.###.######## #...#
#.#.#### ####+#.#....+


You could see a gnoll and an endoplasm.

Vanquished Creatures
  An endoplasm (D:1)
  A goblin (D:1)
  A hobgoblin (D:1)
  2 jackals (D:1)
  A bat (D:1)
  A frilled lizard (D:1)
  2 rats (D:1)
9 creatures vanquished.

Notes
Turn   | Place    | Note
-------+----------+-------------------------------------------
     0 | D:1      | siradein the Demonspawn Transmuter began the quest for the
                  | Orb.
     0 | D:1      | Reached XP level 1. HP: 15/15 MP: 3/3
   247 | D:1      | Reached skill level 3 in Unarmed Combat
   333 | D:1      | Gained mutation: A weak demonic guardian rushes to your
                  | aid. [demonic ancestry]
   333 | D:1      | Reached XP level 2. HP: 3/21 MP: 3/5
   335 | D:1      | Slain by a gnoll

Illustrated notes

Levels and vault maps discovered:
D:1:      dpeg_arrival_central, layout_basic,
          hangedman_abyss_or_decor_lesser_grid

Skill      XL: |  1 |
---------------+----+-----
Transmutations | 2 |  2.1
Unarmed Combat | 3 |  3.0
Fighting       | |  1.0
Dodging        | |  1.7
Spellcasting   | |  2.0

Action                   || total
-------------------------++-------
Melee: Unarmed           ||    11
       Staff             ||    11
       Kick              ||     5
       Headbutt          ||     4
 Cast: Beastly Appendage ||     7
Armor: Robe              ||     6
Dodge: Dodged            ||    17

Table legend: (Time is in decaauts)
 A = Elapsed time spent in this place.
 B = Non-inter-level travel time spent in this place.
 C = Inter-level travel time spent in this place.
 D = Time resting spent in this place.
 E = Time spent auto-exploring this place.
 F = Levels seen in this place.
 G = Mean time per level.
                   A        B        C        D        E       F      G
               +--------+--------+--------+--------+--------+-----+--------+
         Total |    336 |    336 |      0 |      0 |    256 |   1 |  336.0 |
       Dungeon |    336 |    336 |      0 |      0 |    256 |   1 |  336.0 |
               +--------+--------+--------+--------+--------+-----+--------+

Top non-repeatable levels by time:
     D:1: 336 daAuts
